 Dungeon Crawl Stone Soup version 0.29.1-15-g9cfb28693d (webtiles) character file.

Game seed: 560081156194316026

89 MacCMillion the Shooter (level 4, -1/36 HPs)
             Began as a Demigod Hunter on Apr 5, 2023.
             Slain by Natasha (5 damage)
             ... on level 3 of the Dungeon.
             The game lasted 00:01:49 (2451 turns).

MacCMillion the Shooter (Demigod Hunter)            Turns: 2451, Time: 00:01:49

Health: -1/36      AC:  4    Str: 12    XL:     4   Next: 10%
Magic:  6/6        EV: 12    Int: 11    God:
Gold:   192        SH:  0    Dex: 21    Spells: 3/3 levels left

rFire   . . .      SeeInvis .   a - +0 shortbow
rCold   . . .      Faith    .   (shield currently unavailable)
rNeg    . . .      Spirit   .   c - +0 leather armour
rPois   .          Reflect  .   x - +0 helmet
rElec   .          Harm     .   (no cloak)
rCorr   .          Rampage  .   (no gloves)
Will    .....                   (no boots)
Stlth   ++........              (no amulet)
HPRegen 0.12/turn               (no ring)
MPRegen 0.10/turn               (no ring)

@: no status effects
A: high MP 1, forlorn, divine attributes
a: no special abilities


You were on level 3 of the Dungeon.
You visited 1 branch of the dungeon, and saw 3 of its levels.

You collected 192 gold pieces.

Inventory:

Hand Weapons
 a - a +0 shortbow (weapon)
Armour
 c - a +0 leather armour (worn)
 x - a +0 helmet (worn)
Jewellery
 e - a +4 ring of protection
 g - a +6 ring of strength
 k - a ring of wizardry
 t - a +6 ring of strength
Scrolls
 b - a scroll of immolation
 d - 4 scrolls of enchant weapon {unknown}
 h - 2 scrolls of teleportation {unknown}
 j - a scroll of fear {unknown}
 m - 4 scrolls of identify {unknown}
 p - 3 scrolls of fog {unknown}
 r - 2 scrolls of vulnerability {unknown}
Potions
 f - 2 potions of heal wounds {unknown}
 i - 3 potions of attraction {unknown}
 l - a potion of haste {unknown}
 n - a potion of berserk rage {unknown}
 o - a potion of lignification {unknown}
 q - a potion of brilliance {unknown}
 s - a potion of magic {unknown}
 u - a potion of might {unknown}
 v - a potion of flight {unknown}
 w - a potion of ambrosia {unknown}


   Skills:
 - Level 1.7 Fighting
 + Level 5.3 Ranged Weapons
 - Level 1.7 Dodging
 - Level 0.8 Stealth


You had 3 spell levels left.
You didn't know any spells.
Your spell library was empty.

Dungeon Overview and Level Annotations

Branches:
Dungeon (3/15)

Annotations:
D:3 Natasha


Innate Abilities, Weirdness & Mutations

You have an increased reservoir of magic. (+10% MP)
You shall have no god before yourself.
Your divine heritage dramatically boosts your attributes as you level up.


Message History

Fire: a) +0 shortbow
Press: ? - help, Q - select action Shift-Dir - straight line, f/p - Natasha
Aim: Natasha (lightly wounded, 58% to hit)
You shoot an arrow. The arrow barely misses Natasha.
Natasha misses you.
Fire: a) +0 shortbow
Press: ? - help, Q - select action Shift-Dir - straight line, f/p - Natasha
Aim: Natasha (lightly wounded, 58% to hit)
You shoot an arrow. The arrow barely misses Natasha.
Natasha claws you but does no damage.
Fire: a) +0 shortbow
Press: ? - help, Q - select action Shift-Dir - straight line, f/p - Natasha
Aim: Natasha (lightly wounded, 58% to hit)
You shoot an arrow. The arrow barely misses Natasha.
Natasha stares at you and mumbles some strange words.
The magic dart hits you!
* * * LOW HITPOINT WARNING * * *
Natasha claws you.
* * * LOW HITPOINT WARNING * * *
Fire: a) +0 shortbow
Press: ? - help, Q - select action Shift-Dir - straight line, f/p - Natasha
Aim: Natasha (lightly wounded, 58% to hit)
You shoot an arrow. The arrow barely misses Natasha.
The bat closely misses you.
Natasha casts a spell.
Fire: a) +0 shortbow
Press: ? - help, Q - select action Shift-Dir - straight line, f/p - Natasha
Aim: Natasha (lightly wounded, 58% to hit)
You shoot an arrow.
The arrow hits Natasha but does no damage.
Natasha is lightly wounded.
The bat hits you.
* * * LOW HITPOINT WARNING * * *
Natasha barely misses you.
Fire: a) +0 shortbow
Press: ? - help, Q - select action Shift-Dir - straight line, f/p - Natasha
Aim: Natasha (lightly wounded, 58% to hit)
You shoot an arrow. The arrow completely misses Natasha.
The bat completely misses you. The bat barely misses you. Natasha claws you.
You die...

#........ # ######.## .
##...# # #. ##..... #.
#. #...... #.#.# ##.....
.###...#############...#
.....b.............#..##
#..@...............<
#5h###########.#.##.
..... #.#.##. ####.#
#....#. #. ##..#.#. ..
#...#... ##
########.#####.
#..........#...
#.#######..#.#[


You could see an iron imp (summoned), Natasha and a bat.

Vanquished Creatures
  Natasha (D:3)
  3 adders (D:2)
  5 endoplasms
  A giant cockroach (D:2)
  6 goblins
  3 hobgoblins
  3 kobolds
  A quokka (D:2)
  2 ball pythons (D:1)
  5 bats
  A frilled lizard (D:2)
  6 rats
37 creatures vanquished.

Vanquished Creatures (others)
  A plant (D:1)
1 creature vanquished.

Grand Total: 38 creatures vanquished

Notes
Turn   | Place    | Note
-------+----------+-------------------------------------------
     0 | D:1      | MacCMillion the Demigod Hunter began the quest for the Orb.
     0 | D:1      | Reached XP level 1. HP: 17/17 MP: 3/3
   386 | D:1      | Reached skill level 4 in Ranged Weapons
   501 | D:1      | Reached XP level 2. HP: 16/24 MP: 4/4
  1458 | D:2      | Reached XP level 3. HP: 29/29 MP: 5/5
  1776 | D:2      | Reached skill level 5 in Ranged Weapons
  2300 | D:3      | Noticed Natasha
  2306 | D:3      | Killed Natasha
  2307 | D:3      | Reached XP level 4. HP: 33/36 MP: 6/6
  2438 | D:3      | Noticed Natasha
  2451 | D:3      | Slain by Natasha

Illustrated notes

Levels and vault maps discovered:
D:1:      heliophobic_arrival_battle_scene, layout_basic, chequers_big_river,
          minmay_small_reverse_x
D:2:      layout_loops_corners, minmay_misc_feat_five, minivault_5, minivault_11
D:3:      layout_loops_ring, uniq_natasha

Skill      XL: |  1  2  3 |
---------------+----------+-----
Ranged Weapons | 4 5 |  5.3
Fighting       | |  1.7
Dodging        | |  1.7
Stealth        | |  0.8

Action                   |  1- 3 |  4- 6 || total
-------------------------+-------+-------++-------
 Fire: Shortbow          |    93 |    13 ||   106
Armor: Leather armour    |    18 |     3 ||    21
Dodge: Dodged            |    25 |     6 ||    31
